 Dungeon Crawl Stone Soup version 0.27.1-3-gb3d3a73c9e (webtiles) character file.

Game seed: 5079667285970325063

860 horus123 the Summoner (level 7, 0/36 HPs)
             Began as a Deep Elf Summoner on Oct 17, 2021.
             Was an Initiate of Ru.
             Slain by a centaur (1 damage)
             ... on level 6 of the Dungeon.
             The game lasted 00:24:21 (6819 turns).

horus123 the Summoner (Deep Elf Summoner)           Turns: 6819, Time: 00:24:21

Health: 0/36       AC:  3    Str:  5    XL:     7   Next: 71%
Magic:  12/17      EV: 13    Int: 22    God:    Ru [......]
Gold:   321        SH:  0    Dex: 15    Spells: 5/17 levels left

rFire    . . .     SeeInvis .   s - +3 rapier (flame)
rCold    . . .     Faith    .   (no shield)
rNeg     . . .     Spirit   .   a - +0 robe
rPois    .         Reflect  .   (no helmet)
rElec    .         Harm     .   f - +0 cloak
rCorr    .         Rampage  .   (no gloves)
Will     .....                  (no boots)
Stlth    ++........             q - amulet of magic regeneration
HPRegen  0.12/turn              p - ring of wizardry
MPRegen  0.40/turn              o - ring of wizardry

@: no status effects
A: no striking features
a: Renounce Religion


You were on level 6 of the Dungeon.
You worshipped Ru.
Ru was noncommittal.
You visited 1 branch of the dungeon, and saw 6 of its levels.

You collected 1221 gold pieces.
You spent 900 gold pieces at shops.

Inventory:

Hand Weapons
 c - a +0 short sword
 e - a +1 short sword of draining
 i - a +2 dagger of speed
 n - a +0 great sword
 s - a +3 rapier of flaming (weapon)
Armour
 a - a +0 robe (worn)
 f - a +0 cloak (worn)
Magical Staves
 v - a staff of fire
Jewellery
 k - a ring of protection from fire
 o - a ring of wizardry (right hand)
 p - a ring of wizardry (left hand)
 q - an amulet of magic regeneration (around neck)
 w - a ring of protection from cold
 z - a +6 ring of dexterity
Wands
 m - a wand of flame (10)
Scrolls
 l - a scroll of fear
 r - 3 scrolls of teleportation
 y - a scroll of identify
Potions
 b - a potion of magic {unknown}
 d - a potion of haste {unknown}
 g - a potion of curing
 h - 3 potions of lignification
 j - 2 potions of berserk rage {unknown}
 t - a potion of heal wounds {unknown}
 u - 2 potions of attraction {unknown}
 x - a potion of might {unknown}
 A - 2 potions of cancellation {unknown}


   Skills:
 + Level 0.3 Fighting
 + Level 1.1 Short Blades
 + Level 2.8 Dodging
 + Level 3.3 Stealth
 + Level 5.7 Spellcasting
 * Level 3.7 Hexes
 * Level 8.0 Summonings
 * Level 2.4 Air Magic


You had 5 spell levels left.
You knew the following spells:

 Your Spells              Type           Power      Damage    Failure   Level
b - Call Imp              Summ           41%        N/A       1%          2
c - Call Canine Familiar  Summ           41%        N/A       1%          3
d - Summon Guardian Gole  Hex/Summ       32%        N/A       1%          3
e - Summon Lightning Spi  Summ/Air       29%        N/A       3%          4

Your spell library contained the following spells:

 Spells                   Type           Power      Damage    Failure   Level
 Summon Small Mammal      Summ           100%       N/A       1%          1


Dungeon Overview and Level Annotations

Branches:
Dungeon (6/15)             Temple (0/1) D:4

Altars:
Kikubaaqudgha
Ru
Trog
Xom

Shops:
D:4 =

Annotations:
D:6 Dowan, Duvessa


Message History

The centaur unwields a +0 short sword.
The centaur wields a +0 shortbow.
The centaur shoots an arrow.
The arrow hits your wolf!
The centaur shoots an arrow.
The arrow hits your wolf!
Your wolf dies!
Your wolf's corpse disappears in a puff of smoke!
Found a scroll of enchant weapon.
You are too injured to fight recklessly!
You are too injured to fight recklessly!
The centaur shoots an arrow.
The arrow barely misses you.
The centaur shoots an arrow.
The arrow hits you!
Unknown command.
Casting: Call Imp (safe; 1% risk of failure)
Press: ? - help, Q - select action, (/) - cycle Dir - look around, f - activate A beastly little devil appears in a puff of flame.
The centaur shoots an arrow.
The arrow completely misses you.
Casting: Call Imp (safe; 1% risk of failure)
Confirm with . or Enter, or press ? or * to list all spells.
The centaur unwields a +0 shortbow.
The centaur wields a +0 short sword.
The centaur hits you with a +0 short sword.
* * * LOW HITPOINT WARNING * * *
The centaur kicks you but does no damage.
You swap places.
The centaur unwields a +0 short sword.
The centaur wields a +0 shortbow.
The centaur shoots an arrow.
The arrow hits your hound!
Your hound bites the centaur.
Casting: Call Imp (safe; 1% risk of failure)
Press: ? - help, Q - select action, (/) - cycle Dir - look around, f - activate A beastly little devil appears in a puff of flame.
Your hound bites the centaur but does no damage.
The centaur shoots an arrow.
The arrow barely misses your hound. The arrow closely misses you.
Your crimson imp blinks!
The centaur unwields a +0 shortbow.
The centaur wields a +0 short sword.
The centaur hits your hound with a +0 short sword!
Your hound dies!
Your hound's corpse disappears in a puff of smoke!
Your crimson imp blinks!
The centaur hits you with a +0 short sword.
* * * LOW HITPOINT WARNING * * *
The centaur kicks you.
You die...

# #.... #.# #.......# #
#..#####.###.......#### #
#............)........#
##
###.######............# .
#c#######...........# #
#.....# #...........#
###.### #####.#
#...........#
.ehe..##########c#
###.#####...#
###........ยง....@#####.#
...# .....######.........
...# #.#.. ##.5.......
...# ##..##.<. ........<
#### #####.......#
##.#..##.# ......# #...##
. .###### ?...# ## ....#
....


You could see a centaur (ally target) and a friendly crimson imp (summoned).

Vanquished Creatures
  2 iguanas (D:5)
  3 adders
  2 dart slugs
  3 orcs
  7 ball pythons
  2 endoplasms (D:2)
  3 giant cockroaches
  4 goblins
  2 hobgoblins
  2 bats (D:5)
  2 frilled lizards
  2 kobolds
34 creatures vanquished.

Vanquished Creatures (collateral kills)
  Grinder (D:4)
  Sigmund (D:3)
  Eustachio (D:5)
  A sky beast (D:5)
  A necrophage (D:5)
  An ogre (D:6)
  2 wights (D:4)
  A bullfrog zombie (D:5)
  An orc priest (D:5)
  Crazy Yiuf (D:3)
  An iguana (D:5)
  4 orc wizards
  6 adders
  2 ufetubi (D:5)
  An adder skeleton (D:4)
  A worm (D:3)
  2 dart slugs (D:3)
  7 orcs
  6 endoplasms
  2 giant cockroaches (D:1)
  4 goblins
  6 hobgoblins
  2 quokkas
  2 ball pythons
  5 bats
  2 frilled lizards (D:2)
  5 kobolds
69 creatures vanquished.

Vanquished Creatures (others)
  3 wights (D:4)
  4 plants (D:3)
7 creatures vanquished.

Grand Total: 110 creatures vanquished

Notes
Turn   | Place    | Note
-------+----------+-------------------------------------------
     0 | D:1      | horus123 the Deep Elf Summoner began the quest for the Orb.
     0 | D:1      | Reached XP level 1. HP: 10/10 MP: 6/6
   647 | D:1      | Reached XP level 2. HP: 15/15 MP: 5/8
   650 | D:1      | Learned a level 2 spell: Call Imp
  1320 | D:2      | Reached skill level 5 in Summonings
  2257 | D:2      | Reached XP level 3. HP: 19/19 MP: 9/9
  2261 | D:2      | Learned a level 3 spell: Call Canine Familiar
  3431 | D:3      | Noticed Sigmund
  3446 | D:3      | Killed Sigmund
  3447 | D:3      | Reached skill level 6 in Summonings
  3447 | D:3      | Reached XP level 4. HP: 9/24 MP: 1/11
  3453 | D:3      | Reached XP level 5. HP: 12/28 MP: 1/12
  3634 | D:3      | Learned a level 3 spell: Summon Guardian Golem
  3734 | D:3      | Identified a scroll of acquirement
  3734 | D:3      | Acquired 945 gold pieces
  3900 | D:3      | Found a runed translucent door.
  3901 | D:3      | Noticed Crazy Yiuf
  3914 | D:3      | Killed Crazy Yiuf
  4095 | D:3      | Found a faded altar of an unknown god.
  4178 | D:4      | Found a staircase to the Ecumenical Temple.
  4178 | D:4      | Noticed Grinder
  4232 | D:4      | Killed Grinder
  4233 | D:4      | Reached skill level 1 in Short Blades
  4233 | D:4      | Reached skill level 1 in Hexes
  4233 | D:4      | Reached XP level 6. HP: 32/32 MP: 2/15
  4326 | D:4      | Learned a level 4 spell: Summon Lightning Spire
  4523 | D:4      | Found an ancient bone altar of Kikubaaqudgha.
  4531 | D:4      | Found a sacrificial altar of Ru.
  4571 | D:4      | Found a shimmering altar of Xom.
  4589 | D:4      | Became a worshipper of Ru the Awakened
  4836 | D:4      | Found Akadur's Jewellery Shop.
  4844 | D:4      | Bought a ring of wizardry for 300 gold pieces
  4844 | D:4      | Bought a ring of wizardry for 300 gold pieces
  4844 | D:4      | Bought an amulet of magic regeneration for 300 gold pieces
  5080 | D:4      | Reached skill level 5 in Spellcasting
  5080 | D:4      | Reached skill level 7 in Summonings
  5080 | D:4      | Reached skill level 1 in Air Magic
  5657 | D:5      | Entered Level 5 of the Dungeon
  5738 | D:5      | Noticed Eustachio
  5756 | D:5      | Killed Eustachio
  5757 | D:5      | Reached XP level 7. HP: 35/36 MP: 5/17
  6503 | D:5      | Found a bloodstained altar of Trog.
  6730 | D:6      | Reached skill level 8 in Summonings
  6741 | D:6      | Noticed Duvessa
  6741 | D:6      | Noticed Dowan
  6819 | D:6      | HP: 1/36 [centaur (5)]
  6819 | D:6      | Slain by a centaur

Illustrated notes

Levels and vault maps discovered:
D:1:      kennysheep_arrival_seaside, layout_basic, corexii_hall_statues_i,
          dk_noncrumbling_2
D:2:      layout_basic, kennysheep_generic_room_3
D:3:      layout_loops_corners, dilly_ecumenical_altar_fadedgnrine,
          st_stairs_10, uniq_sigmund, uniq_crazy_yiuf_cottage
D:4:      layout_layer_cave, minmay_overflow_temple_star_quad,
          minmay_temple_entry_overgrown, serial_shops, nicolae_square_shop,
          uniq_grinder
D:5:      minmay_general_purpose_star, layout_gridville, lightli_temple_of_fire,
          cheibrodos_sewer_entry_sluice, kennysheep_generic_room_14,
          uniq_eustachio
D:6:      layout_rooms, uniq_duvessa

Skill      XL: |  1  2  3  4  5  6  7 |
---------------+----------------------+-----
Summonings     | 5 6 7 8 |  8.0
Stealth        | 3 |  3.3
Short Blades   | 1 |  1.1
Spellcasting   | 4 5 |  5.7
Hexes          | 1 2 3 |  3.7
Air Magic      | 1 2 |  2.4
Fighting       | |  0.3
Dodging        | |  2.8

Action                   |  1- 3 |  4- 6 |  7- 9 || total
-------------------------+-------+-------+-------++-------
Melee: Short sword       |    55 |    22 |       ||    77
       Rapier            |       |       |    22 ||    22
 Cast: Summon Small Mamm |    21 |       |       ||    21
       Call Imp          |    35 |    27 |    17 ||    79
       Call Canine Famil |     4 |    14 |     7 ||    25
       Summon Lightning  |       |     5 |     2 ||     7
       Summon Guardian G |       |     3 |     1 ||     4
Evoke: Wand              |       |     4 |       ||     4
  Use: Scroll            |     2 |     5 |     4 ||    11
       Potion            |       |     2 |     1 ||     3
 Stab: Sleeping          |     5 |     3 |     1 ||     9
       Distracted        |       |       |     1 ||     1
Armor: Robe              |    12 |     3 |     9 ||    24
Dodge: Dodged            |    38 |    25 |    22 ||    85
